AAA EAST
SYRACUSE CHIEFS @ ST. PAUL SAINTS
04/13/2042
 
TOP OF THE 1ST
Syracuse Chiefs batting - Pitching for St. Paul Saints : LHP Sean Morgan
Pitching: LHP Sean Morgan
Batting: RHB Randy Simms 0-0: Called Strike
0-1: Swinging Strike
0-2: Strikes out swinging
Batting: RHB Joe Smith 0-0: Ball
1-0: Called Strike
1-1: Ball
2-1: Called Strike
2-2: Ball
3-2: Fly out, F8 (Flyball, 8LM, EV 78.8 MPH)
Batting: LHB Pancho Moreno 0-0: Ball
1-0: Called Strike
1-1: Swinging Strike
1-2: Ball
2-2: Foul Ball, location: 2F
2-2: SINGLE (Groundball, 34D, EV 107.5 MPH)
Batting: RHB César Ortíz 0-0: Ball
Passed Ball!
Pancho Moreno to second
1-0: Ground out 5-3 (Groundball, 5L, EV 107.5 MPH)
Top of the 1st over - 0 runs, 1 hit, 0 errors, 1 left on base; Syracuse 0 - St. Paul 0
BOTTOM OF THE 1ST
St. Paul Saints batting - Pitching for Syracuse Chiefs : RHP Bob Hopper
Pitching: RHP Bob Hopper
Batting: LHB Juan Moreno 0-0: Bunt for hit to 2L - play at first, batter OUT! 2-3
Batting: LHB Rubén Rosete 0-0: Ball
1-0: Ball
2-0: Ball
3-0: Called Strike
3-1: Swinging Strike
3-2: Foul Ball, location: 2F
3-2: Foul Ball, location: 2F
3-2: Foul Ball, location: 5FF
3-2: Base on Balls
Batting: RHB Leonardo Boccasino 0-0: Ball
Rubén Rosete steals 2nd base
1-0: SINGLE (Line Drive, 4D, EV 100.0 MPH)
Rubén Rosete to third
Runner from 3rd tries for Home, SAFE, throw by CF to home
Batting: LHB Joe McMahon 0-0: Ball
1-0: Called Strike
1-1: Swinging Strike
1-2: Ball
2-2: Foul Ball, location: 2RF
2-2: Fly out, F8 (Flyball, 8LD, EV 99.4 MPH)
Batting: RHB António Ortíz 0-0: Ball
Leonardo Boccasino steals 2nd base (no throw)
1-0: Ball
2-0: Foul Ball, location: 2LF
2-1: Foul Ball, location: 23F
2-2: Fly out, F7 (Flyball, 78M, EV 78.1 MPH)
Bottom of the 1st over - 1 run, 1 hit, 0 errors, 1 left on base; Syracuse 0 - St. Paul 1
TOP OF THE 2ND
Syracuse Chiefs batting - Pitching for St. Paul Saints : LHP Sean Morgan
Batting: LHB Lauro Malaparte 0-0: DOUBLE (Flyball, 8LXD, EV 103.1 MPH)
Batting: LHB Jamie Smith 0-0: Ball
1-0: Ball
2-0: Called Strike
2-1: Fly out, F9 (Line Drive, 9LS, EV 95.0 MPH)
Batting: RHB Pete Lindsay 0-0: Called Strike
0-1: Fly out, F8 (Flyball, 8LXD, EV 95.6 MPH)
Runner from 2nd tags up, SAFE at 3rd, no throw by CF
Batting: RHB Tim Ward 0-0: Ball
1-0: SINGLE (Line Drive, 8RS, EV 109.4 MPH)
Lauro Malaparte scores
Batting: RHB Jimmy Frazier 0-0: Ball
1-0: Called Strike
1-1: Foul Ball, location: 2F
1-2: Ball
Pickoff Throw to First - Out! 1-3 CS
Top of the 2nd over - 1 run, 2 hits, 0 errors, 0 left on base; Syracuse 1 - St. Paul 1
BOTTOM OF THE 2ND
St. Paul Saints batting - Pitching for Syracuse Chiefs : RHP Bob Hopper
Batting: LHB José Toledo 0-0: Ball
1-0: Ball
2-0: Called Strike
2-1: Ball
3-1: Base on Balls
Batting: RHB Jesús Carranza 0-0: Called Strike
0-1: Ball
1-1: Ball
2-1: Swinging Strike
2-2: Ball
3-2: Grounds into double play, 5-4-3 (Groundball, 56, EV 80.6 MPH)
Batting: LHB Jeremy Castle 0-0: Ball
1-0: Ball
2-0: Foul Ball, location: 2F
2-1: Ball
3-1: Base on Balls
Batting: RHB Mario Reyes 0-0: Ball
Jeremy Castle is caught stealing 2nd base 2-4
Bottom of the 2nd over - 0 runs, 0 hits, 0 errors, 0 left on base; Syracuse 1 - St. Paul 1
TOP OF THE 3RD
Syracuse Chiefs batting - Pitching for St. Paul Saints : LHP Sean Morgan
Batting: RHB Jimmy Frazier 0-0: Called Strike
0-1: Ball
1-1: Called Strike
1-2: Strikes out swinging
Batting: RHB Randy Simms 0-0: Fly out, F5 (Popup, 5SF, EV 71.9 MPH)
Batting: RHB Joe Smith 0-0: Called Strike
0-1: Foul Ball, location: 9LSF
0-2: Ball
1-2: Fly out, F2 (Popup, 2R, EV 88.8 MPH)
Top of the 3rd over - 0 runs, 0 hits, 0 errors, 0 left on base; Syracuse 1 - St. Paul 1
BOTTOM OF THE 3RD
St. Paul Saints batting - Pitching for Syracuse Chiefs : RHP Bob Hopper
Batting: RHB Mario Reyes 0-0: Called Strike
0-1: Ball
1-1: Swinging Strike
1-2: Foul Ball, location: 9LMF
1-2: Fly out, F8 (Line Drive, 8RD, EV 95.6 MPH)
Batting: LHB Juan Moreno 0-0: Ball
1-0: Ball
2-0: Ball
3-0: Called Strike
3-1: Base on Balls
Batting: LHB Rubén Rosete 0-0: Ball
1-0: Fly out, F8 (Line Drive, 8RD, EV 98.8 MPH)
Batting: RHB Leonardo Boccasino 0-0: Called Strike
Juan Moreno steals 2nd base
0-1: Foul Ball, location: 2F
0-2: SINGLE (Line Drive, 3D, EV 95.0 MPH)
Juan Moreno to third
Runner from 3rd tries for Home, throw by RF and OUT! 9-2
Bottom of the 3rd over - 0 runs, 1 hit, 0 errors, 1 left on base; Syracuse 1 - St. Paul 1
TOP OF THE 4TH
Syracuse Chiefs batting - Pitching for St. Paul Saints : LHP Sean Morgan
Batting: LHB Pancho Moreno 0-0: Ball
1-0: Ball
2-0: Called Strike
2-1: Foul Ball, location: 3F
2-2: SOLO HOME RUN (Flyball, 78XD, EV 98.1 MPH), Distance : 401 ft
Batting: RHB César Ortíz 0-0: Called Strike
0-1: Ball
1-1: Ball
2-1: Fly out, F7 (Flyball, 78D, EV 95.6 MPH)
Batting: LHB Lauro Malaparte 0-0: Called Strike
0-1: Called Strike
0-2: Fly out, F8 (Flyball, 8LM, EV 83.8 MPH)
Batting: LHB Jamie Smith 0-0: Ball
1-0: Ball
2-0: Called Strike
2-1: Called Strike
2-2: Strikes out looking
Top of the 4th over - 1 run, 1 hit, 0 errors, 0 left on base; Syracuse 2 - St. Paul 1
BOTTOM OF THE 4TH
St. Paul Saints batting - Pitching for Syracuse Chiefs : RHP Bob Hopper
Batting: LHB Joe McMahon 0-0: Called Strike
0-1: Foul Ball, location: 9LDF
0-2: Foul Ball, location: 2RF
0-2: Foul Ball, location: 2F
0-2: Foul Ball, location: 5FF
0-2: Strikes out looking
Batting: RHB António Ortíz 0-0: Called Strike
0-1: Ground out 4-3 (Groundball, 4M, EV 111.3 MPH)
Batting: LHB José Toledo 0-0: Fly out, F9 (Flyball, 9S, EV 85.0 MPH)
Bottom of the 4th over - 0 runs, 0 hits, 0 errors, 0 left on base; Syracuse 2 - St. Paul 1
TOP OF THE 5TH
Syracuse Chiefs batting - Pitching for St. Paul Saints : LHP Sean Morgan
Batting: RHB Pete Lindsay 0-0: Ball
1-0: Ball
2-0: Ball
3-0: Called Strike
3-1: Ground out 5-3 (Groundball, 5, EV 104.4 MPH)
Batting: RHB Tim Ward 0-0: Called Strike
0-1: Foul Ball, location: 9LMF
0-2: Strikes out looking
Batting: RHB Jimmy Frazier 0-0: Ball
1-0: Called Strike
1-1: Ball
2-1: Ball
3-1: Fly out, F5 (Popup, 6S, EV 73.1 MPH)
Top of the 5th over - 0 runs, 0 hits, 0 errors, 0 left on base; Syracuse 2 - St. Paul 1
BOTTOM OF THE 5TH
St. Paul Saints batting - Pitching for Syracuse Chiefs : RHP Bob Hopper
Batting: RHB Jesús Carranza 0-0: Ball
1-0: Swinging Strike
1-1: Ground out 6-3 (Groundball, 6M, EV 82.5 MPH)
Batting: LHB Jeremy Castle 0-0: Ball
1-0: Ball
2-0: Foul Ball, location: 3F
2-1: Called Strike
2-2: Ball
3-2: Base on Balls
Batting: RHB Mario Reyes 0-0: Foul Ball, location: 23F
0-1: Called Strike
0-2: Grounds into double play, 5-4-3 (Groundball, 56, EV 102.5 MPH)
Bottom of the 5th over - 0 runs, 0 hits, 0 errors, 0 left on base; Syracuse 2 - St. Paul 1
TOP OF THE 6TH
Syracuse Chiefs batting - Pitching for St. Paul Saints : LHP Sean Morgan
Batting: RHB Randy Simms 0-0: Swinging Strike
0-1: Called Strike
0-2: Ball
1-2: Ball
2-2: Foul Ball, location: 2F
2-2: Ball
3-2: Fly out, F8 (Flyball, 8RD, EV 91.9 MPH)
Batting: RHB Joe Smith 0-0: Ball
1-0: Ball
2-0: SINGLE (Groundball, 34, EV 109.4 MPH)
Batting: LHB Pancho Moreno 0-0: Grounds into double play, 5-4-3 (Groundball, 56, EV 102.5 MPH)
Top of the 6th over - 0 runs, 1 hit, 0 errors, 0 left on base; Syracuse 2 - St. Paul 1
BOTTOM OF THE 6TH
St. Paul Saints batting - Pitching for Syracuse Chiefs : RHP Bob Hopper
Batting: LHB Juan Moreno 0-0: Fly out, F7 (Line Drive, 7S, EV 90.6 MPH)
Batting: LHB Rubén Rosete 0-0: Foul Ball, location: 2F
0-1: Ball
1-1: Foul Ball, location: 25FF
1-2: Ball
2-2: Ground out 4-3 (Groundball, 4, EV 90.0 MPH)
Batting: RHB Leonardo Boccasino 0-0: Foul Ball, location: 7LDF
0-1: Foul Ball, location: 3DF
0-2: Ground out 5-3 (Groundball, 56, EV 103.1 MPH)
Bottom of the 6th over - 0 runs, 0 hits, 0 errors, 0 left on base; Syracuse 2 - St. Paul 1
TOP OF THE 7TH
Syracuse Chiefs batting - Pitching for St. Paul Saints : LHP Sean Morgan
Batting: RHB César Ortíz 0-0: Foul Ball, location: 2F
0-1: Ball
1-1: Ball
2-1: Ball
3-1: Swinging Strike
3-2: SINGLE (Line Drive, 8LS, EV 98.1 MPH)
Batting: LHB Lauro Malaparte 0-0: Foul Ball, location: 7LSF
0-1: Swinging Strike
0-2: Strikes out swinging
Batting: LHB Jamie Smith 0-0: Foul Ball, location: 2F
0-1: Ball
1-1: Foul Ball, location: 2F
1-2: Ball
2-2: Foul Ball, location: 2F
2-2: Ball
3-2: Fly out, F9 (Flyball, 9, EV 88.1 MPH)
Batting: RHB Pete Lindsay 0-0: Ball
1-0: Foul Ball, location: 3FF
1-1: Swinging Strike
1-2: Fielders Choice at 2nd, 6-4 (Groundball, 6, EV 86.3 MPH)
Top of the 7th over - 0 runs, 1 hit, 0 errors, 1 left on base; Syracuse 2 - St. Paul 1
BOTTOM OF THE 7TH
St. Paul Saints batting - Pitching for Syracuse Chiefs : RHP Bob Hopper
Batting: LHB Joe McMahon 0-0: Fly out, F8 (Flyball, 8LD, EV 106.3 MPH)
Batting: RHB António Ortíz 0-0: Called Strike
0-1: Ball
1-1: SINGLE (Groundball, 5D, EV 98.1 MPH)
Pitching: RHP Bob Stewart
Batting: LHB José Toledo 0-0: Ball
1-0: Ball
2-0: Ball
3-0: Called Strike
3-1: Called Strike
3-2: Ground out 4-3 (Groundball, 4S, EV 65.0 MPH)
António Ortíz to second
Batting: RHB Jesús Carranza 0-0: Ball
1-0: Foul Ball, location: 2F
1-1: Ball
2-1: Ball
3-1: Base on Balls
Batting: LHB Jeremy Castle 0-0: Called Strike
0-1: Ground out 6-3 (Groundball, 6MS, EV 83.8 MPH)
Bottom of the 7th over - 0 runs, 1 hit, 0 errors, 2 left on base; Syracuse 2 - St. Paul 1
TOP OF THE 8TH
Syracuse Chiefs batting - Pitching for St. Paul Saints : LHP Sean Morgan
Pitching: RHP Ted Whitehead
Batting: RHB Tim Ward 0-0: Ball
1-0: Ground out 5-3 (Groundball, 5, EV 103.8 MPH)
Batting: RHB Jimmy Frazier 0-0: Ball
1-0: Ball
2-0: Called Strike
2-1: Swinging Strike
2-2: Strikes out swinging
Batting: RHB Randy Simms 0-0: Ball
1-0: Foul Ball, location: 2F
1-1: Swinging Strike
1-2: Ball
2-2: Ball
3-2: Foul Ball, location: 23F
3-2: Fly out, F8 (Line Drive, 8LD, EV 104.4 MPH)
Top of the 8th over - 0 runs, 0 hits, 0 errors, 0 left on base; Syracuse 2 - St. Paul 1
BOTTOM OF THE 8TH
St. Paul Saints batting - Pitching for Syracuse Chiefs : RHP Bob Stewart
Batting: RHB Mario Reyes 0-0: Ball
1-0: Foul Ball, location: 9LSF
1-1: Ball
2-1: Swinging Strike
2-2: Strikes out swinging
Batting: LHB Juan Moreno 0-0: Ball
1-0: Swinging Strike
1-1: Ball
2-1: Called Strike
2-2: Ball
3-2: Strikes out swinging
Batting: LHB Rubén Rosete 0-0: Called Strike
0-1: Ball
1-1: Ball
2-1: Fly out, F8 (Flyball, 8RXD, EV 101.3 MPH)
Bottom of the 8th over - 0 runs, 0 hits, 0 errors, 0 left on base; Syracuse 2 - St. Paul 1
TOP OF THE 9TH
Syracuse Chiefs batting - Pitching for St. Paul Saints : RHP Ted Whitehead
Pitching: RHP Brad Hunter
Batting: RHB Joe Smith 0-0: Ball
1-0: Ground out 6-3 (Groundball, 6, EV 85.0 MPH)
Batting: LHB Pancho Moreno 0-0: Ball
1-0: Ground out 6-3 (Groundball, 4M, EV 75.6 MPH)
Batting: RHB César Ortíz 0-0: Swinging Strike
0-1: Ball
1-1: Ball
2-1: Ball
3-1: Base on Balls
Batting: LHB Lauro Malaparte 0-0: Ball
1-0: Called Strike
1-1: Ball
2-1: Fly out, F8 (Flyball, 8LS, EV 98.1 MPH)
Top of the 9th over - 0 runs, 0 hits, 0 errors, 1 left on base; Syracuse 2 - St. Paul 1
BOTTOM OF THE 9TH
St. Paul Saints batting - Pitching for Syracuse Chiefs : RHP Bob Stewart
Pitching: RHP Ken Davis
Now in LF: Merlin Hall
Batting: RHB Leonardo Boccasino 0-0: Fly out, F8 (Line Drive, 8RD, EV 84.4 MPH)
Batting: LHB Joe McMahon 0-0: Ball
1-0: Fly out, F7 (Flyball, 7LS, EV 84.4 MPH)
Pinch Hitting: LHB Jeremy Rossano 0-0: Foul Ball, location: 2LF
0-1: Ball
1-1: Ball
2-1: Fly out, F9 (Flyball, 89M, EV 91.3 MPH)
Bottom of the 9th over - 0 runs, 0 hits, 0 errors, 0 left on base; Syracuse 2 - St. Paul 1
Monday, April 29th , 2024 - OOTP Baseball 24.10 Build 82